 Dungeon Crawl Stone Soup version 0.23.1 (webtiles) character file.

Game seed: 13189417184027529798

18616 vishdafish the Cleaver (level 12, -10/100 HPs)
             Began as a Formicid Abyssal Knight on Mar 17, 2019.
             Was a High Priest of Lugonu.
             Mangled by Sonja
             ... wielding a +2 dagger of distortion
              (24 damage)
             ... on level 2 of the Lair of Beasts.
             The game lasted 00:20:29 (13963 turns).

vishdafish the Cleaver (Formicid Abyssal Knight)   Turns: 13963, Time: 00:20:31

Health: -10/100    AC: 13    Str: 33    XL:     12   Next: 97%
Magic:  19/19      EV: 18    Int: 16    God:    Lugonu [*****.]
Gold:   954        SH:  0    Dex: 13    Spells: 11/11 levels left

rFire    . . .     SeeInvis +   W - +2 war axe "Zugruar" {chop, MR+ Int+4}
rCold    + . .     Gourm    .   (no shield)
rNeg     . . .     Faith    .   o - +4 scale mail
rPois    .         Spirit   .   (helmet unavailable)
rElec    .         Reflect  .   G - scarf {repulsion}
rCorr    .         Harm     .   O - +1 pair of gloves "Ymufuw" {rC+ Dex+3}
MR       ++...                  (no boots)
Stlth    ..........             (no amulet)
HPRegen  0.26/turn              y - +5 ring of evasion
MPRegen  0.16/turn              K - +6 ring of strength

@: mighty, lethally poisoned (-10 -> -11), repel missiles
A: permanent stasis, dig shafts and tunnels, four strong arms, antennae 3
a: Dig, Shaft Self, Depart the Abyss, Bend Space, Banish, Corrupt, Enter the
Abyss, Renounce Religion


You were on level 2 of the Lair of Beasts.
You worshipped Lugonu.
Lugonu was extremely pleased with you.
You were not hungry.

You visited 2 branches of the dungeon, and saw 13 of its levels.
You visited the Abyss 1 time.

You collected 954 gold pieces.

Inventory:

Hand Weapons
 L - a +3 scimitar of flaming
 W - the +2 war axe "Zugruar" (weapon) {chop, MR+ Int+4}
   (You found it on level 9 of the Dungeon)

   It inflicts extra damage upon your enemies.
   It affects your intelligence (+4).
   It affects your resistance to hostile enchantments.
Armour
 b - a +0 leather armour
 h - a +1 pair of gloves
 o - a +4 scale mail (worn)
 w - a +0 cloak
 G - a scarf of repulsion (worn)
 O - the +1 pair of gloves "Ymufuw" (worn) {rC+ Dex+3}
   (You found it on level 8 of the Dungeon)

   It affects your dexterity (+3).
   It protects you from cold.
 V - the +1 hat "Laoxus" {+Blink rF+ Str+4}
   (You found it on level 11 of the Dungeon)

   It affects your strength (+4).
   It protects you from fire.
   It lets you blink.
Jewellery
 l - an uncursed ring of wizardry
 p - an uncursed ring of protection from fire
 r - an uncursed ring of poison resistance
 t - an uncursed ring of flight
 v - an uncursed ring of stealth
 x - a +4 ring of dexterity
 y - a +5 ring of evasion (left hand)
 z - an uncursed ring of ice
 F - a +4 ring of dexterity
 I - an uncursed ring of ice
 K - a +6 ring of strength (right hand)
Wands
 n - a wand of digging (11)
 C - a wand of random effects (38)
 Q - a wand of acid (4)
 X - a wand of paralysis (14)
 Z - a wand of polymorph (7)
Scrolls
 a - 2 scrolls of remove curse
 e - 3 scrolls of teleportation
 g - 4 scrolls of immolation
 i - a scroll of amnesia
 A - 4 scrolls of enchant weapon
 J - 2 scrolls of magic mapping
 N - a scroll of enchant armour
 R - a scroll of random uselessness
 T - a scroll of fear
 Y - a scroll of silence {unknown}
Potions
 d - 2 potions of might
 f - 2 potions of magic
 j - a potion of flight
 k - a potion of haste
 m - 5 potions of curing
 q - a potion of berserk rage
 s - 2 potions of degeneration
 u - 2 potions of ambrosia
 B - a potion of resistance
 E - 5 potions of lignification
 H - 2 potions of invisibility
 P - a potion of agility
 S - a potion of heal wounds
Comestibles
 c - 35 rations


   Skills:
 - Level 11.4 Fighting
 - Level 13.4 Axes
 + Level 6.1 Armour
 + Level 4.6 Dodging
 - Level 2.2 Invocations
 - Level 9.5 Evocations


You had 11 spell levels left.
You didn't know any spells.
Your spell library contained the following spells:

 Spells                   Type           Power        Failure   Level  Hunger
 Confusing Touch          Hex            #.....       43%         1    ##.....
 Confuse                  Hex            #.......     80%         3    ####...
 Gell's Gravitas          Tloc           #.........   80%         3    ####...
 Petrify                  Tmut/Erth      #.......     99%         4    #####..
 Metabolic Englaciation   Hex/Ice        #.........   100%        5    ######.
 Yara's Violent Unravell  Hex/Tmut       #.........   100%        5    ######.


Dungeon Overview and Level Annotations

Branches:
Dungeon (11/15)            Temple (0/1) D:5            Lair (2/6) D:11
  Swamp: Lair:2-4    Shoals: Lair:2-4     Snake: Lair:2-4    Spider: Lair:2-4
    Orc: D:9-12

Altars:
Cheibriados
Dithmenos
Kikubaaqudgha
Okawaru
Trog
Vehumet
Xom
The Shining One

Annotations:
Lair:2 Sonja


Innate Abilities, Weirdness & Mutations

You cannot be hasted, slowed, berserked, paralysed or teleported.
You can dig through walls and to a lower floor.
Your four strong arms can wield two-handed weapons with a shield.
You have a pair of large antennae on your head. (SInv)


Message History

Unknown command.
You miss Sonja. You slash the water moccasin! You hit the yak.
The water moccasin bites you but does no damage.
Sonja unwields a +0 blowgun.
Sonja wields a +2 dagger of distortion.
Its appearance distorts for a moment.
Sonja hits you with a +2 dagger of distortion.
* * * LOW HITPOINT WARNING * * *
You feel a strange sense of stasis. Sonja hits you but does no damage.
Space warps horribly around you!
* * * LOW HITPOINT WARNING * * *
Sonja closely misses you. The yak gores you but does no damage.
Okay, then.
Unknown command.
You feel much better.
The water moccasin completely misses you.
Sonja hits you but does no damage. Space warps horribly around you!
* * * LOW HITPOINT WARNING * * *
Sonja barely misses you. Sonja hits you but does no damage.
Space warps horribly around you!!
You die...

###.#.###..#..##.... #
#..#....#....
##.#.........
#......#...>
#........... .
#####..........
...######..#...††......
#....K†...............
#...SY@S.....#........
.....#####.............
... #............. .
#....#.<..#...
#.....#.#.#...
P.......... ..
##.....#.#.#. ..[...###


You could see a black mamba, a yak, Sonja and a water moccasin.

Vanquished Creatures
  An emperor scorpion (shapeshifter) (D:11)
  Fannar (Lair:1)
  Erica (D:8)
  A centaur warrior (D:11)
  Harold (D:7)
  A two-headed ogre (D:9)
  An unseen horror (D:11)
  Pikel (D:9)
  A manticore (D:11)
  A black mamba (Lair:1)
  3 spiny frogs
  4 trolls
  A queen bee (D:11)
  2 hornets (D:10)
  Grinder (D:5)
  A hippogriff (Lair:1)
  Prince Ribbit (D:6)
  A spriggan (D:7)
  2 wraiths (D:11)
  18 yaks
  A basilisk (Lair:2)
  3 wargs (D:11)
  An acid dragon (D:11)
  3 water moccasins
  2 orc warriors
  2 porcupines (Lair:1)
  3 sky beasts
  2 ice beasts
  2 phantoms
  4 slaves (D:9)
  2 black bears (D:8)
  An eye of draining (D:9)
  A necrophage (D:10)
  7 ogres
  6 centaurs
  2 crocodiles (Lair:1)
  6 bullfrogs
  A big kobold (D:10)
  3 scorpions (D:11)
  25 killer bees (D:11)
  2 howler monkeys
  2 crimson imps
  A quasit (D:11)
  A bullfrog zombie (D:9)
  2 centaur zombies (D:7)
  7 hounds
  2 jellies
  11 orc priests
  2 iguanas
  Ijyb (D:5)
  8 orc wizards
  4 worker ants
  A hound zombie (D:9)
  A worker ant zombie (D:6)
  3 gnolls (D:4)
  A howler monkey skeleton (D:9)
  11 adders
  4 oozes
  3 worms
  A dart slug (D:3)
  2 leopard geckos
  30 orcs
  A ball python (D:1)
  3 giant cockroaches
  4 goblins
  13 hobgoblins
  8 jackals
  3 quokkas
  3 bats
  4 frilled lizards
  18 kobolds
  2 leopard gecko skeletons
  9 rats
  A butterfly (Lair:1)
  A plant (Lair:2)
291 creatures vanquished.

Notes
Turn   | Place    | Note
-------+----------+-------------------------------------------
     0 | Abyss:1  | vishdafish the Formicid Abyssal Knight began the quest for
                  | the Orb.
     0 | Abyss:1  | Reached XP level 1. HP: 18/18 MP: 2/2
     0 | D:1      | Escaped the Abyss
     3 | D:1      | Reached skill level 1 in Dodging
   413 | D:1      | Reached XP level 2. HP: 15/24 MP: 3/3
   569 | D:1      | Reached * piety under Lugonu
   934 | D:1      | Reached XP level 3. HP: 23/30 MP: 4/4
  1523 | D:2      | Found a shimmering altar of Xom.
  1523 | D:2      | Found a shimmering altar of Xom.
  1523 | D:2      | Found a shimmering altar of Xom.
  1524 | D:2      | Found a shimmering altar of Xom.
  1524 | D:2      | Found a shimmering altar of Xom.
  1525 | D:2      | Found a shimmering altar of Xom.
  1703 | D:2      | Found a shimmering altar of Xom.
  1727 | D:2      | Reached XP level 4. HP: 32/37 MP: 5/5
  1949 | D:2      | Reached skill level 3 in Axes
  1987 | D:2      | Reached ** piety under Lugonu
  2681 | D:3      | Reached XP level 5. HP: 38/43 MP: 6/6
  2764 | D:3      | Found a shadowy altar of Dithmenos.
  2976 | D:3      | Reached skill level 5 in Fighting
  3169 | D:3      | Found an iron altar of Okawaru.
  3278 | D:3      | Reached skill level 4 in Axes
  3305 | D:3      | Reached XP level 6. HP: 51/51 MP: 7/7
  3428 | D:3      | Found a glowing golden altar of the Shining One.
  3659 | D:4      | Noticed an ogre
  3667 | D:4      | Killed an ogre
  3768 | D:4      | Noticed an ogre
  3776 | D:4      | Killed an ogre
  3888 | D:4      | Reached XP level 7. HP: 37/56 MP: 8/10
  4118 | D:4      | Found a snail-covered altar of Cheibriados.
  4118 | D:4      | Found an ancient bone altar of Kikubaaqudgha.
  4497 | D:5      | Entered Level 5 of the Dungeon
  4512 | D:5      | Reached skill level 5 in Evocations
  4727 | D:5      | Found a staircase to the Ecumenical Temple.
  4747 | D:5      | Noticed Ijyb
  4768 | D:5      | Killed Ijyb
  4768 | D:5      | Reached *** piety under Lugonu
  4798 | D:5      | Reached XP level 8. HP: 54/62 MP: 11/13
  4896 | D:5      | Noticed Grinder
  4909 | D:5      | Killed Grinder
  5676 | D:6      | Reached XP level 9. HP: 68/68 MP: 16/16
  5883 | D:6      | Reached skill level 5 in Axes
  6366 | D:6      | Noticed Prince Ribbit
  6401 | D:6      | Killed Prince Ribbit
  6629 | D:7      | Reached skill level 6 in Axes
  6691 | D:7      | Noticed Harold
  6706 | D:7      | Killed Harold
  6706 | D:7      | Reached skill level 7 in Axes
  7106 | D:7      | Reached XP level 10. HP: 79/79 MP: 17/17
  7219 | D:7      | Reached skill level 8 in Axes
  7657 | D:8      | Noticed Erica
  7671 | D:8      | Killed Erica
  7671 | D:8      | Reached skill level 9 in Axes
  7845 | D:8      | Got a pair of slimy gloves
  7856 | D:8      | Identified the +1 pair of gloves "Ymufuw" {rC+ Dex+3} (You
                  | found it on level 8 of the Dungeon)
  7935 | D:8      | Found a bloodstained altar of Trog.
  7945 | D:8      | Reached **** piety under Lugonu
  8452 | D:9      | Reached skill level 10 in Axes
  8529 | D:9      | Noticed Pikel
  8600 | D:9      | Killed Pikel
  8600 | D:9      | Reached XP level 11. HP: 70/89 MP: 18/18
  8737 | D:9      | Noticed a two-headed ogre
  8741 | D:9      | Found a shadowy altar of Dithmenos.
  8782 | D:9      | Killed a two-headed ogre
  8782 | D:9      | Reached skill level 11 in Axes
  8988 | D:9      | Found a radiant altar of Vehumet.
  9170 | D:9      | Got an ivory war axe
  9171 | D:9      | Identified the +2 war axe "Zugruar" {chop, MR+ Int+4} (You
                  | found it on level 9 of the Dungeon)
  9305 | D:10     | Entered Level 10 of the Dungeon
  9587 | D:10     | Reached skill level 10 in Fighting
 10217 | D:11     | Got a heavily runed hat
 10220 | D:11     | Noticed an unseen horror
 10245 | D:11     | Killed an unseen horror
 10262 | D:11     | Noticed a centaur warrior
 10270 | D:11     | Killed a centaur warrior
 10270 | D:11     | Reached skill level 12 in Axes
 10288 | D:11     | Found a staircase to the Lair.
 10820 | D:11     | Noticed a ghost moth
 10824 | D:11     | Noticed a queen ant
 10824 | D:11     | a ghost moth changed into a queen ant
 10825 | D:11     | Reached ***** piety under Lugonu
 10828 | D:11     | Noticed an emperor scorpion
 10852 | D:11     | Killed an emperor scorpion
 10852 | D:11     | Reached XP level 12. HP: 32/99 MP: 6/19
 11644 | D:11     | Reached skill level 13 in Axes
 12379 | Lair:1   | Entered Level 1 of the Lair of Beasts
 13299 | Lair:1   | Noticed Fannar
 13312 | Lair:1   | Killed Fannar
 13312 | Lair:1   | Reached skill level 5 in Armour
 13873 | Lair:2   | Identified the +1 hat "Laoxus" {+Blink rF+ Str+4} (You
                  | found it on level 11 of the Dungeon)
 13937 | Lair:2   | Noticed Sonja
 13963 | Lair:2   | Mangled by Sonja

Skill      XL: |  1  2  3  4  5  6  7  8  9 10 11 12 |
---------------+-------------------------------------+-----
Dodging        | 1 4 |  4.6
Fighting       | 4 5 7 9 10 11 | 11.4
Axes           | 3 4 7 10 12 13 | 13.4
Evocations     | 4 6 9 |  9.5
Armour         | 6 |  6.1
Invocations    | |  2.2

Action                   |  1- 3 |  4- 6 |  7- 9 | 10-12 || total
-------------------------+-------+-------+-------+-------++-------
Melee: Hand axe          |   115 |   197 |   192 |   200 ||   704
       War axe           |       |       |   148 |   492 ||   640
Invok: Depart the Abyss  |     1 |       |       |       ||     1
 Abil: Shaft Self        |     1 |       |       |       ||     1
       Dig               |       |     1 |       |     2 ||     3
Evoke: Wand              |       |     5 |     5 |    15 ||    25
  Use: Scroll            |       |     4 |    14 |     8 ||    26
       Potion            |       |       |     3 |     4 ||     7
 Stab: Invisible         |       |       |     2 |       ||     2
  Eat: Chunk             |     3 |     4 |     7 |    14 ||    28
       Ration            |       |     1 |     1 |     3 ||     5
Armor: Leather armour    |    45 |     2 |       |       ||    47
       Scale mail        |       |    82 |   128 |   230 ||   440
Dodge: Dodged            |    48 |   102 |   305 |   502 ||   957
